 Dungeon Crawl Stone Soup version 0.19.0 (webtiles) character file.

21914 PurpleRed the Severer (level 12, -3/113 HPs)
             Began as a Minotaur Fighter on Nov 5, 2016.
             Was an Elder of Makhleb.
             Slain by a 13-headed hydra (6 damage)
             ... on level 1 of the Lair of Beasts.
             The game lasted 00:14:54 (12333 turns).

PurpleRed the Severer (Minotaur Fighter)           Turns: 12333, Time: 00:14:54

Health: -3/113     AC: 20    Str: 25    XL:     12   Next: 58%
Magic:  11/11      EV: 11    Int:  5    God:    Makhleb [****..]
Gold:   707        SH:  6    Dex: 11    Spells: 0 memorised, 11 levels left

rFire  . . .     SeeInvis .     C - +1 war axe (chop)
rCold  . . .     Gourm    .     n - +0 storm dragon scales
rNeg   . . .     Faith    .     B - +2 buckler
rPois  .         Spirit   .     o - +0 hat
rElec  +         Reflect  .     E - +2 cloak {+Inv}
rCorr  .         Harm     .     p - +0 pair of gloves
MR     +....                    (no boots)
Stlth  ..........               j - amulet of magic regeneration
                                h - +3 ring of evasion
                                G - ring of protection from magic

@: no status effects
A: retaliatory headbutt, horns 2
a: Minor Destruction, Lesser Servant of Makhleb, Major Destruction, Renounce
Religion, Evoke Invisibility


You were on level 1 of the Lair of Beasts.
You worshipped Makhleb.
Makhleb was greatly pleased with you.
You were hungry.

You visited 3 branches of the dungeon, and saw 14 of its levels.
You also visited: Sewer.

You collected 733 gold pieces.
You spent 26 gold pieces at shops.

Inventory:

Hand Weapons
 a - a +0 war axe
 C - a +1 war axe of chopping (weapon)
 H - a +0 battleaxe
Armour
 d - a +0 plate armour
 n - +0 storm dragon scales (worn)
 o - a +0 hat (worn)
 p - a +0 pair of gloves (worn)
 B - a +2 buckler (worn)
 E - a +2 cloak of invisibility (worn)
Jewellery
 h - a +3 ring of evasion (right hand)
 j - an amulet of magic regeneration (around neck)
 G - a ring of protection from magic (left hand)
Wands
 s - a wand of enslavement (14/24)
 u - a wand of acid (7/15)
Scrolls
 b - 3 scrolls of magic mapping
 e - 4 scrolls of remove curse
 r - 3 scrolls of teleportation
 t - 2 scrolls of identify
 D - a scroll of enchant weapon
Potions
 c - a potion of might
 g - 3 potions of ambrosia
 k - 9 potions of curing
 l - a potion of agility
 m - 2 potions of lignification
 q - 3 potions of cure mutation
 w - 2 potions of cancellation {unknown}
 x - 2 potions of brilliance
 A - 2 potions of flight
 K - a potion of haste
Comestibles
 f - 14 bread rations
 i - 6 fruits
 F - 7 meat rations


   Skills:
 + Level 12.9 Fighting
 * Level 17.3 Axes
 + Level 12.2 Armour
 - Level 3.6 Shields


You had 11 spell levels left.
You didn't know any spells.

Dungeon Overview and Level Annotations

Branches:
Dungeon (12/15)            Temple (1/1) D:7            Lair (1/6) D:9
    Orc (0/2) D:11

Altars:
Ashenzari
Cheibriados
Dithmenos
Elyvilon
Fedhas
Hepliaklqana
Kikubaaqudgha
Makhleb
Nemelex Xobeh
Okawaru
Qazlal
Ru
Trog
Uskayaw
Vehumet
Xom
Yredelemnul
Zin
The Shining One
Beogh

Shops:
D:7 ?   D:12 (

Annotations:
D:8 1 runed door


Innate Abilities, Weirdness & Mutations

You reflexively headbutt those who attack you in melee.
You have a pair of horns on your head.


Message History

You lop one of the 12-headed hydra's heads off!
The 11-headed hydra grows two more!
You slash the 13-headed hydra!
Your headbutt misses the 13-headed hydra.
The 13-headed hydra is almost dead.
The 13-headed hydra closely misses you. You block the 13-headed hydra's attack.
The 13-headed hydra bites you but does no damage. x7
The 13-headed hydra bites you!
* * * LOW HITPOINT WARNING * * *
The 13-headed hydra bites you!
* * * LOW HITPOINT WARNING * * *
The 13-headed hydra barely misses you. You block the 13-headed hydra's attack.
You barely miss the 13-headed hydra.
The 13-headed hydra is almost dead.
You feel sick.
You are no longer poisoned.
The 13-headed hydra bites you!
* * * LOW HITPOINT WARNING * * *
The 13-headed hydra bites you but does no damage. x2
The 13-headed hydra bites you.
You die...

.. .# .. #..## .. ...
P###..#.#..## ...# .>.
...).#..
..#.####.####.#...#####
>.....................#
........P.......D.....#
.........#...#..@.....#
......(..#...#.....##.#
....##....###.#....# .#
#... #....##P)#..#%##/#
#..##..†........#..[##
##..#.#.......#..#...P#
#.....#.......#......## #
...#.....#.......##..#.##
#...#...#.#........#P....#


You could see a 13-headed hydra.

Vanquished Creatures
  2 storm dragons (D:12)
  Gastronok (D:9)
  Fannar (Lair:1)
  A deep elf high priest (D:12)
  Urug (D:10)
  A skeletal warrior (D:12)
  5 hill giants
  Pikel (D:7)
  2 ugly things
  2 cyclopes (D:12)
  Joseph (D:8)
  The ghost of PurpleRed the Chopper, an amateur MiFi (D:4)
  2 trolls
  A slime creature (D:11)
  Prince Ribbit (D:5)
  2 two-headed ogres (D:9)
  A spriggan (D:7)
  A shadow (D:10)
  A wyvern (D:12)
  4 yaks (D:12)
  Grum (D:9)
  2 soldier ants
  3 water moccasins
  A porcupine (Lair:1)
  8 orc warriors
  A black bear (D:10)
  Purgy (D:3)
  A sky beast (D:11)
  2 ice beasts
  An eye of draining (D:10)
  2 ogres (D:9)
  5 phantoms
  5 wolves
  3 centaurs
  4 big kobolds
  12 bullfrogs
  A gnoll sergeant (D:11)
  4 scorpions
  6 killer bees
  An electric eel (D:11)
  5 howler monkeys
  3 crimson imps
  3 bullfrog zombies
  3 centaur zombies
  4 jellies
  15 orc priests
  Crazy Yiuf (D:5)
  6 hounds
  13 orc wizards
  3 bullfrog skeletons
  A gnoll shaman (D:9)
  5 iguanas
  14 worker ants
  A killer bee zombie (D:3)
  2 hound zombies
  A worker ant zombie (D:8)
  13 gnolls
  8 adders
  5 river rats
  5 shadow imps
  2 oozes
  3 adder skeletons
  2 dart slugs
  11 leopard geckos
  61 orcs
  5 bats
  9 giant cockroaches
  8 goblins
  4 hobgoblins
  8 jackals
  36 kobolds
  5 quokkas
  10 ball pythons
  6 frilled lizards
  A leopard gecko zombie (D:6)
  A quokka skeleton (D:5)
  27 rats
  A butterfly (D:8)
407 creatures vanquished.

Vanquished Creatures (others)
  A slave (D:7)
  A jelly (D:7)
  A leopard gecko (D:7)
  2 plants
5 creatures vanquished.

Grand Total: 412 creatures vanquished

Notes
Turn   | Place    | Note
-------+----------+-------------------------------------------
     0 | D:1      | PurpleRed the Minotaur Fighter began the quest for the Orb.
     0 | D:1      | Reached XP level 1. HP: 19/19 MP: 0/0
   155 | D:1      | Reached skill level 3 in Axes
   159 | D:1      | Reached XP level 2. HP: 26/27 MP: 1/1
   653 | D:2      | Reached XP level 3. HP: 32/33 MP: 2/2
   993 | D:2      | Reached skill level 4 in Axes
  1461 | D:3      | Reached XP level 4. HP: 37/41 MP: 3/3
  1497 | D:3      | Noticed Purgy
  1512 | D:3      | Killed Purgy
  1512 | D:3      | Reached skill level 5 in Fighting
  1512 | D:3      | Reached skill level 5 in Axes
  1512 | D:3      | Reached XP level 5. HP: 16/48 MP: 4/4
  1705 | D:3      | Found a shadowy altar of Dithmenos.
  1728 | D:3      | Noticed an ice beast
  1735 | D:3      | Killed an ice beast
  1735 | D:3      | Reached skill level 6 in Axes
  1735 | D:3      | Reached XP level 6. HP: 56/56 MP: 5/5
  2227 | D:4      | Noticed PurpleRed's ghost (amateur MiFi)
  2396 | D:4      | Killed PurpleRed's ghost
  2396 | D:4      | Reached skill level 7 in Axes
  2396 | D:4      | Reached XP level 7. HP: 61/64 MP: 6/6
  2411 | D:4      | Reached skill level 8 in Axes
  3221 | D:5      | Entered Level 5 of the Dungeon
  3251 | D:5      | Reached skill level 9 in Axes
  3251 | D:5      | Reached XP level 8. HP: 47/73 MP: 7/7
  3418 | D:5      | Noticed Prince Ribbit
  3429 | D:5      | Killed Prince Ribbit
  3429 | D:5      | Reached skill level 5 in Armour
  3956 | D:5      | Found a runed door.
  3988 | D:5      | Noticed Crazy Yiuf
  3993 | D:5      | Killed Crazy Yiuf
  4081 | D:6      | Reached skill level 10 in Axes
  4480 | D:6      | Found a glowing drain.
  4582 | Sewer    | Entered a sewer
  5406 | D:7      | Found a blossoming altar of Fedhas.
  5433 | D:7      | Noticed Pikel
  5446 | D:7      | Killed Pikel
  5446 | D:7      | Reached skill level 11 in Axes
  5446 | D:7      | Reached XP level 9. HP: 60/82 MP: 8/8
  5550 | D:7      | Found a staircase to the Ecumenical Temple.
  5573 | D:7      | Found a shadowy altar of Dithmenos.
  5584 | D:7      | Found Bowkya Mifu's Magic Scroll Shop.
  5595 | D:7      | Bought a scroll of identify for 26 gold pieces
  6104 | Temple   | Entered the Ecumenical Temple
  6184 | Temple   | Became a worshipper of Makhleb the Destroyer
  6245 | D:8      | Found a burning altar of Makhleb.
  6449 | D:8      | Reached skill level 12 in Axes
  6512 | D:8      | Noticed Joseph
  6522 | D:8      | Killed Joseph
  6725 | D:8      | Reached * piety under Makhleb
  6945 | D:8      | Found a runed door.
  6971 | D:8      | Found a runed door.
  7244 | D:8      | Reached XP level 10. HP: 91/91 MP: 9/9
  7418 | D:9      | Noticed Gastronok
  7449 | D:9      | Reached skill level 13 in Axes
  7453 | D:9      | Killed Gastronok
  7453 | D:9      | Reached skill level 10 in Fighting
  7527 | D:9      | Noticed Grum
  7543 | D:9      | Reached ** piety under Makhleb
  7560 | D:9      | Killed Grum
  7560 | D:9      | Reached skill level 14 in Axes
  7704 | D:9      | Found a staircase to the Lair.
  8218 | Lair:1   | Entered Level 1 of the Lair of Beasts
  8248 | D:10     | Entered Level 10 of the Dungeon
  8263 | D:10     | Noticed a hill giant
  8275 | D:10     | Killed a hill giant
  8275 | D:10     | Reached XP level 11. HP: 98/102 MP: 10/10
  8295 | D:10     | Noticed a hill giant
  8302 | D:10     | Killed a hill giant
  8302 | D:10     | Reached skill level 10 in Armour
  8331 | D:10     | Noticed Urug
  8381 | D:10     | Killed Urug
  9137 | D:10     | Reached skill level 15 in Axes
  9138 | D:10     | Reached *** piety under Makhleb
  9627 | D:11     | Found a staircase to the Orcish Mines.
  9790 | D:11     | Reached **** piety under Makhleb
  9978 | D:11     | Noticed a red ugly thing
 10097 | D:11     | Noticed a cyan ugly thing
 10105 | D:11     | Killed a cyan ugly thing
 10258 | D:11     | Found a roughly hewn altar of Beogh.
 10382 | D:12     | Noticed a hill giant
 10385 | D:12     | Killed a hill giant
 10396 | D:12     | Noticed a red ugly thing
 10405 | D:12     | Killed a red ugly thing
 10519 | D:12     | Found Zodeceri's Weapon Shoppe.
 10693 | D:12     | Reached skill level 16 in Axes
 10773 | D:12     | Found a runed door.
 10773 | D:12     | Noticed a skeletal warrior
 10785 | D:12     | Killed a skeletal warrior
 11123 | D:12     | Reached XP level 12. HP: 112/112 MP: 11/11
 11295 | D:12     | Noticed a storm dragon
 11308 | D:12     | Killed a storm dragon
 11322 | D:12     | Noticed a deep elf high priest
 11415 | D:12     | Killed a deep elf high priest
 11670 | D:12     | Noticed a storm dragon
 11681 | D:12     | Killed a storm dragon
 11784 | D:12     | Reached skill level 17 in Axes
 11987 | Lair:1   | Noticed Fannar
 12003 | Lair:1   | HP: 3/113 [Fannar/bolt of cold (36)]
 12035 | Lair:1   | Killed Fannar
 12318 | Lair:1   | Noticed a six-headed hydra
 12333 | Lair:1   | HP: 3/113 [13-headed hydra (9)]
 12333 | Lair:1   | Slain by a 13-headed hydra

Skill      XL: |  1  2  3  4  5  6  7  8  9 10 11 12 |
---------------+-------------------------------------+-----
Axes           | 3 4 5 6 7 9 11 12 14 16 17 | 17.3
Fighting       | 4 5 6 7 8 9 11 12 | 12.9
Armour         | 4 6 8 9 11 12 | 12.2
Shields        | |  3.6

Action                   |  1- 3 |  4- 6 |  7- 9 | 10-12 || total
-------------------------+-------+-------+-------+-------++-------
Melee: War axe           |    81 |    60 |   429 |   606 ||  1176
       Headbutt          |    11 |     9 |    64 |   118 ||   202
Evoke: Wand              |       |       |       |     1 ||     1
  Use: Potion            |       |     1 |     1 |    16 ||    18
       Scroll            |       |       |    20 |     5 ||    25
  Eat: Chunk             |     1 |     2 |    16 |    12 ||    31
       Fruit             |       |       |     1 |       ||     1
       Beef jerky        |       |       |       |     2 ||     2
       Royal jelly       |       |       |       |     1 ||     1
Armor: Scale mail        |     8 |       |       |       ||     8
       Chain mail        |    29 |    53 |     4 |       ||    86
       Plate armour      |       |       |   212 |   203 ||   415
       Storm dragon scal |       |       |       |    61 ||    61
       Skin              |       |       |       |     6 ||     6
Dodge: Dodged            |    13 |    17 |    91 |   193 ||   314
Block: Shield            |    32 |    51 |    63 |       ||   146
       Buckler           |       |       |    73 |   146 ||   219
